 Dungeon Crawl Stone Soup version 0.29-a0-541-gaf1fc19f1b (webtiles) character file.

Game seed: 8711968978329989788

329 oldriver the Skirmisher (level 6, 0/55 HPs)
             Began as a Palentonga Wanderer on June 3, 2022.
             Was a Believer of Lugonu.
             Slain by Grinder (7 damage)
             ... on level 3 of the Dungeon.
             The game lasted 00:01:41 (1956 turns).

oldriver the Skirmisher (Palentonga Wanderer)       Turns: 1956, Time: 00:01:41

Health: 0/55       AC:  4    Str: 19    XL:     6   Next: 25%
Magic:  9/9        EV:  9    Int: 11    God:    Lugonu [**....]
Gold:   74         SH:  0    Dex:  9    Spells: 8/9 levels left

rFire   . . .      SeeInvis +   a - +2 mace
rCold   . . .      Faith    .   (no shield)
rNeg    . . .      Spirit   .   e - +0 leather armour
rPois   .          Reflect  .   (no helmet)
rElec   .          Harm     .   m - scarf {+Inv}
rCorr   .          Rampage  .   (no gloves)
Will    .....                   (no barding)
Stlth   +.........              (no amulet)
HPRegen 0.18/turn               (no ring)
MPRegen 0.11/turn               (no ring)

@: no status effects
A: large, rugged brown scales 3, see invisible, deformed body, roll 1, armoured
tail
a: Rolling Charge, Renounce Religion, Evoke Invisibility, Depart the Abyss, Bend
Space


You were on level 3 of the Dungeon.
You worshipped Lugonu.
Lugonu was pleased with you.
You visited 1 branch of the dungeon, and saw 3 of its levels.

You collected 74 gold pieces.

Inventory:

Hand Weapons
 a - a +2 mace (weapon)
 c - a +0 dagger
Missiles
 b - 13 poisoned darts
 q - 4 atropa-tipped darts
Armour
 e - a +0 leather armour (worn)
 m - a scarf of invisibility (worn)
Wands
 o - a wand of acid (8)
Scrolls
 d - a scroll of fear
 g - 2 scrolls of poison {unknown}
 j - 2 scrolls of identify {unknown}
 p - a scroll of enchant armour {unknown}
Potions
 f - a potion of curing {unknown}
 h - a potion of attraction {unknown}
 i - 2 potions of heal wounds {unknown}
 k - 2 potions of mutation {unknown}
 l - a potion of might {unknown}
 n - 3 potions of invisibility {unknown}


   Skills:
 + Level 6.1 Fighting
 + Level 3.3 Maces & Flails
 - Level 1.0 Throwing
 - Level 1.5 Dodging
 - Level 2.0 Spellcasting
 - Level 1.5 Ice Magic


You had 8 spell levels left.
You knew the following spells:

 Your Spells              Type           Power      Damage    Failure   Level
a - Freeze                Ice            16%        1d4       19%         1

Your spell library contained the following spells:

 Spells                   Type           Power      Damage    Failure   Level
 Frozen Ramparts          Ice            8%         1d2       50%         3


Dungeon Overview and Level Annotations

Branches:
Dungeon (3/15)

Altars:
Lugonu

Annotations:
D:3 Grinder


Innate Abilities, Weirdness & Mutations

You are completely covered in rugged brown scales. (AC +3, +7% HP)
You have supernaturally acute eyesight. (SInv)
Armour fits poorly on your strangely shaped body.
You can roll at nearby foes to attack.
You have a long armoured tail.


Message History

You closely miss the orc wizard.
The orc wizard is severely wounded.
The orc wizard barely misses you.
You closely miss the orc wizard.
The orc wizard is severely wounded.
The orc wizard hits you but does no damage.
You closely miss the orc wizard. Your punch misses the orc wizard.
The orc wizard is severely wounded.
The orc wizard hits you but does no damage.
The orc wizard hits you with a +0 dagger.
You closely miss the orc wizard.
Your tail-slap misses the orc wizard.
The orc wizard is severely wounded.
The orc wizard hits you but does no damage.
You closely miss the orc wizard. You tail-slap the orc wizard.
The orc wizard is almost dead.
The orc wizard casts a spell at you. The magic dart hits you.
You hit the orc wizard.
You kill the orc wizard!
Lugonu accepts your kill.
Grinder blinks!
You hit the orc.
The orc is lightly wounded.
The orc closely misses you.
The orc hits you with a +2 short sword of speed.
* * * LOW HITPOINT WARNING * * *
You sock the orc!
You kill the orc!
Lugonu accepts your kill.
Grinder says, "There's only one good use for a tongue: cutting it out."
Grinder closely misses you.
Items here: ))) [ †.
Grinder hits you.
* * * LOW HITPOINT WARNING * * *
You writhe in agony.
* * * LOW HITPOINT WARNING * * *
You hit Grinder.
Grinder is severely wounded.
Grinder hits you!
You die...

.. #.......>
... #...oo...
?... #........
.....##........
$...........#
#.# #†#
###########5#
#.........)@#
#.###########
#### #...# ...#
###.# ##.# #.#
<#.# #.# ##.#
#.# #.#####.#
#.....[.#


You could see Grinder.

Vanquished Creatures
  Sigmund (D:2)
  Jessica (D:2)
  An orc wizard (D:3)
  Natasha (twice) (D:2)
  2 adders
  A dart slug (D:2)
  2 orcs (D:3)
  2 endoplasms (D:2)
  A giant cockroach (D:2)
  3 goblins
  3 hobgoblins
  6 jackals
  A quokka (D:1)
  A ball python (D:1)
  3 bats
  A frilled lizard (D:1)
  A kobold (D:1)
  7 rats
39 creatures vanquished.

Vanquished Creatures (others)
  A plant (D:1)
1 creature vanquished.

Grand Total: 40 creatures vanquished

Notes
Turn   | Place    | Note
-------+----------+-------------------------------------------
     0 | D:1      | oldriver the Palentonga Wanderer began the quest for the
                  | Orb.
     0 | D:1      | oldriver set off with the following items: a +2 mace, 11
                  | poisoned darts, a +0 dagger, a scroll of fear, a +0 leather
                  | armour; and the following spell memorised: Freeze; and the
                  | following spells available to memorise: Frozen Ramparts
     0 | D:1      | Reached XP level 1. HP: 13/13 MP: 3/3
    37 | D:1      | Reached skill level 1 in Fighting
   292 | D:1      | Reached XP level 2. HP: 23/23 MP: 5/5
   325 | D:1      | Reached skill level 2 in Fighting
   570 | D:1      | Found a faded altar of an unknown god.
   798 | D:1      | Prayed at the altar of an unknown god.
   798 | D:1      | Became a worshipper of Lugonu the Unformed
   798 | D:1      | Reached * piety under Lugonu
   798 | D:1      | Reached ** piety under Lugonu
   906 | D:2      | Reached XP level 3. HP: 19/29 MP: 6/6
  1084 | D:2      | Noticed Jessica
  1087 | D:2      | Killed Jessica
  1088 | D:2      | Reached skill level 3 in Fighting
  1235 | D:2      | Noticed Sigmund
  1243 | D:2      | Killed Sigmund
  1244 | D:2      | Reached skill level 5 in Fighting
  1244 | D:2      | Reached XP level 4. HP: 23/42 MP: 7/7
  1244 | D:2      | Reached XP level 5. HP: 27/49 MP: 8/8
  1593 | D:2      | Noticed Natasha
  1601 | D:2      | Killed Natasha
  1818 | D:2      | Noticed Natasha
  1822 | D:2      | Killed Natasha
  1823 | D:2      | Reached skill level 6 in Fighting
  1823 | D:2      | Reached XP level 6. HP: 54/55 MP: 9/9
  1920 | D:3      | Noticed Grinder
  1928 | D:3      | Paralysed by Grinder for 4 turns
  1956 | D:3      | Slain by Grinder

Illustrated notes

Levels and vault maps discovered:
D:1:      grunt_arrival_lava_bath, layout_loops_ring,
          shapermc_ecumenical_altar_acropolis, dk_noncrumbling_3
D:2:      layout_loops_cross, ebering_dispersal_statue_hall, uniq_jessica,
          uniq_natasha, uniq_sigmund
D:3:      minmay_wonky_spiral, layout_basic, uniq_grinder, uniq_terence

Skill      XL: |  1  2  3  4  5 |
---------------+----------------+-----
Fighting       | 1 2 5 6 |  6.1
Maces & Flails | |  3.3
Throwing       | |  1.0
Dodging        | |  1.5
Spellcasting   | |  2.0
Ice Magic      | |  1.5

Action                   |  1- 3 |  4- 6 || total
-------------------------+-------+-------++-------
Melee: Mace              |    55 |    54 ||   109
       Tailslap          |     6 |     6 ||    12
       Punch             |     1 |       ||     1
 Abil: Rolling Charge    |    14 |     2 ||    16
Armor: Leather armour    |    12 |    21 ||    33
Dodge: Dodged            |    21 |    24 ||    45

Table legend: (Time is in decaauts)
 A = Elapsed time spent in this place.
 B = Non-inter-level travel time spent in this place.
 C = Inter-level travel time spent in this place.
 D = Time resting spent in this place.
 E = Time spent auto-exploring this place.
 F = Levels seen in this place.
 G = Mean time per level.
                   A        B        C        D        E       F      G
               +--------+--------+--------+--------+--------+-----+--------+
         Total |   1982 |   1933 |     49 |      0 |   1641 |   3 |  660.7 |
       Dungeon |   1982 |   1933 |     49 |      0 |   1641 |   3 |  660.7 |
               +--------+--------+--------+--------+--------+-----+--------+

Top non-repeatable levels by time:
     D:2: 1034 daAuts
     D:1: 836 daAuts
     D:3: 112 daAuts
